 Dungeon Crawl Stone Soup version 0.30-a0-462-gd5975efbca (webtiles) character file.

Game seed: 13224027411778724060

533 Jeffwins the Firebug (level 7, 0/48 HPs)
             Began as a Human Wanderer on Dec 17, 2022.
             Slain by Edmund
             ... wielding a +0 flail of distortion
              (3 damage)
             ... on level 4 of the Dungeon.
             The game lasted 00:06:23 (4759 turns).

Jeffwins the Firebug (Human Wanderer)               Turns: 4759, Time: 00:06:24

Health: 0/48       AC:  9    Str: 11    XL:     7   Next: 49%
Magic:  17/22      EV: 10    Int: 15    God:
Gold:   172        SH:  0    Dex: 13    Spells: 7/14 levels left

rFire   . . .      SeeInvis .    a - +6 mace "Heg Tule" {venom, MP+9}
rCold   + . .      Faith    .    (no shield)
rNeg    . . .      Spirit   .    t - +3 leather armour {rC+}
rPois   .          Reflect  .    (no helmet)
rElec   .          Harm     .    b - +0 cloak
rCorr   .          Rampage  .    c - +1 pair of gloves
Will    +....                    (no boots)
Stlth   ++........               B - amulet of magic regeneration
HPRegen 0.28/turn                e - ring of willpower
MPRegen 0.58/turn                (no ring)

@: no status effects
A: no striking features
a: no special abilities


You were on level 4 of the Dungeon.
You visited 1 branch of the dungeon, and saw 4 of its levels.

You collected 192 gold pieces.
You spent 20 gold pieces at shops.


   Skills:
 - Level 1.0 Fighting
 - Level 1.0 Short Blades
 - Level 2.0 Throwing
 - Level 2.0 Stealth
 * Level 4.3 Spellcasting
 * Level 4.0 Conjurations
 * Level 4.6 Fire Magic


You had 7 spell levels left.
You knew the following spells:

 Your Spells              Type           Power      Damage    Failure   Level
x - Scorch                Fire           34%        2d6       4%          2
y - Sticky Flame          Conj/Fire      16%        2d4       36%         4
z - Foxfire               Conj/Fire      64%        2x1d7     3%          1

Your spell library contained the following spells:

 Spells                   Type           Power      Damage    Failure   Level
 Ignite Poison            Fire/Tmut/Pois 7%         N/A       36%         3
 Manifold Assault         Tloc           3%         N/A       92%         4
 Dispersal                Tloc           1%         N/A       100%        6
 Disjunction              Tloc           1%         N/A       100%        8
 Ignition                 Fire           8%         3d5       100%        8

Inventory:

Hand Weapons
 a - the +6 mace "Heg Tule" (weapon) {venom, MP+9}
   (You took it off a kobold on level 2 of the Dungeon)

   It poisons the flesh of those it strikes.
   MP:        It affects your magic capacity (+9).
Missiles
 l - 21 poisoned darts
Armour
 b - a +0 cloak (worn)
 c - a +1 pair of gloves (worn)
 d - a +0 robe
 t - a +3 leather armour of cold resistance (worn)
 x - a +0 buckler
 y - a +0 helmet
Jewellery
 e - a ring of willpower (left hand)
 B - an amulet of magic regeneration (around neck)
 F - a ring of fire
 R - a ring of resist corrosion
Wands
 s - a wand of polymorph (1)
Scrolls
 f - a scroll of amnesia
 h - a scroll of brand weapon {unknown}
 i - a scroll of fear {unknown}
 j - a scroll of poison {!r}
 o - a scroll of blinking {unknown}
 p - a scroll of magic mapping {unknown}
 u - a scroll of noise {unknown}
 w - a scroll of butterflies {unknown}
 A - a scroll of fog {unknown}
Potions
 g - 3 potions of curing {unknown}
 k - a potion of invisibility {unknown}
 m - 2 potions of brilliance {unknown}
 n - 2 potions of heal wounds {unknown}
 q - 3 potions of mutation {unknown}
 r - 2 potions of magic {unknown}
 v - 2 potions of degeneration {unknown}
 z - a potion of haste {unknown}

Dungeon Overview and Level Annotations

Branches:
Dungeon (4/15)
 Temple: D:4-7

Altars:

Shops:
D:1 :   D:3 ?

Annotations:
D:4 Edmund

##### #....
############....
#...............
#.##########....
.#######.######
#....
............g...
#....
..######g########
#....
.....!.@S......
#####
....####@###### .
#§S.)# ####.# ..
.. . ### ...


You could see Edmund (combustible), 2 adders and a goblin.


Message History

The adder hisses angrily.
The adder is heavily wounded.
The adder's fire resistance burns away.
Edmund zaps a wand.
The roots erupt in riotous growth!
The grasping roots grab you!
The adder is unaffected.
The grasping roots constrict you. The adder bites you but does no damage.
The grasping roots constrict you.
Casting: Scorch (safe; 4% risk of failure)
Confirm with . or Enter, or press ? or * to list all spells.
Flames lash Edmund.
Edmund is burned terribly!
Edmund is heavily wounded.
The adder bites you but does no damage.
An adder comes into view.
The adder closely misses you.
Edmund hits you with a +0 flail of distortion.
Space warps horribly around you!!
* * * LOW HITPOINT WARNING * * *
The grasping roots constrict you.
* * * LOW HITPOINT WARNING * * *
The grasping roots release their grip on you.
The adder is no longer more vulnerable to fire.
The adder bites you but does no damage. Edmund hits you but does no damage.
You blink.
Found a bubbling puce potion.
The goblin closely misses you.
Unknown command.
Unknown command.
Unknown command.
Unknown command.
Edmund attacks as you move away!
Edmund hits you with a +0 flail of distortion.
You die...

Skill      XL: |  1  2  3  4  5  6  7 |
---------------+----------------------+-----
Conjurations   | 1 2 3 4 |  4.0
Fire Magic     | 3 4 |  4.6
Spellcasting   | 3 4 |  4.3
Fighting       | |  1.0
Short Blades   | |  1.0
Throwing       | |  2.0
Stealth        | |  2.0

Action                   |  1- 3 |  4- 6 |  7- 9 || total
-------------------------+-------+-------+-------++-------
Melee: Short sword       |    12 |     8 |       ||    20
       Unarmed           |       |     5 |       ||     5
       Mace              |       |     1 |       ||     1
 Cast: Foxfire           |    23 |    48 |    32 ||   103
       Scorch            |    15 |    43 |    28 ||    86
  Use: Potion            |     1 |       |       ||     1
       Scroll            |       |     2 |       ||     2
Armor: Robe              |     9 |    11 |       ||    20
       Skin              |       |     2 |       ||     2
       Leather armour    |       |    12 |    13 ||    25
Dodge: Dodged            |    18 |    31 |    13 ||    62

Levels and vault maps discovered:
D:1:      dpeg_arrival_castle, layout_loops_corners,
          hellmonk_ecumenical_altar_crossroads, serial_shops, shop
D:2:      layout_basic, hangedman_feature_mirror, minmay_tall_x
D:3:      kennysheep_big_flooded_room, layout_basic, serial_shops, shop,
          serial_bayou_lake_a, uniq_ijyb, uniq_crazy_yiuf_cottage, uniq_grinder
D:4:      layout_basic, nicolae_stop_n_shop_1, uniq_edmund

Notes
Turn   | Place    | Note
-------+----------+-------------------------------------------
     0 | D:1      | Jeffwins the Human Wanderer began the quest for the Orb.
     0 | D:1      | Jeffwins set off with the following items: a +0 short
                  | sword, a +0 cloak, a potion of berserk rage {!q}, a +0
                  | robe; and the following spell memorised: Foxfire; and the
                  | following spells available to memorise: Scorch, Ignite
                  | Poison.
     0 | D:1      | Reached XP level 1. HP: 15/15 MP: 3/3
    78 | D:1      | Reached XP level 2. HP: 6/21 MP: 1/5
   244 | D:1      | Found Honaup's Book Boutique.
   287 | D:1      | Found a faded altar of an unknown god.
   460 | D:1      | Reached skill level 1 in Conjurations
   460 | D:1      | Reached XP level 3. HP: 26/26 MP: 2/6
   672 | D:1      | Learned a level 2 spell: Scorch
  1767 | D:2      | Reached XP level 4. HP: 28/32 MP: 4/7
  2319 | D:2      | Identified the +6 mace "Heg Tule" {venom, MP+9}
  2436 | D:2      | You fall into a shaft and drop 1 floor!
  2446 | D:3      | Found Houcyzxi's Magic Scroll Shop.
  2454 | D:3      | Bought a scroll of identify for 20 gold pieces
  2464 | D:3      | Reached skill level 3 in Fire Magic
  2474 | D:3      | Reached skill level 2 in Conjurations
  2569 | D:3      | Noticed Ijyb
  2586 | D:3      | Killed Ijyb
  2587 | D:3      | Reached skill level 3 in Spellcasting
  2587 | D:3      | Reached XP level 5. HP: 37/37 MP: 1/9
  2771 | D:3      | Noticed Grinder
  2786 | D:3      | Killed Grinder
  2787 | D:3      | Reached skill level 3 in Conjurations
  2787 | D:3      | Reached skill level 4 in Fire Magic
  2787 | D:3      | Reached XP level 6. HP: 25/43 MP: 0/11
  3301 | D:3      | Reached skill level 4 in Spellcasting
  3377 | D:3      | Reached XP level 7. HP: 48/48 MP: 13/13
  3507 | D:3      | Found a runed translucent door.
  3508 | D:3      | Noticed Crazy Yiuf
  3649 | D:3      | Learned a level 4 spell: Sticky Flame
  3843 | D:3      | Killed Crazy Yiuf
  4673 | D:4      | Reached skill level 4 in Conjurations
  4747 | D:4      | Noticed Edmund
  4757 | D:4      | HP: 3/48 [constriction (5)]
  4759 | D:4      | Slain by Edmund

Vanquished Creatures
  Grinder (D:3)
  A necrophage (D:4)
  Crazy Yiuf (D:3)
  A hound (D:4)
  An orc wizard (D:3)
  Ijyb (D:3)
  2 gnolls (D:1)
  3 adders
  A worm (D:4)
  5 dart slugs
  7 orcs (D:3)
  5 endoplasms
  3 giant cockroaches
  7 hobgoblins
  5 jackals
  15 kobolds
  4 quokkas
  4 ball pythons
  8 bats
  4 frilled lizards
  7 goblins
  10 rats
96 creatures vanquished.

Vanquished Creatures (collateral kills)
  2 foxfires (D:3)
2 creatures vanquished.

Vanquished Creatures (others)
  185 foxfires
  22 plants (D:3)
207 creatures vanquished.

Grand Total: 305 creatures vanquished

Table legend: (Time is in decaauts)
 A = Elapsed time spent in this place.
 B = Non-inter-level travel time spent in this place.
 C = Inter-level travel time spent in this place.
 D = Time resting spent in this place.
 E = Time spent auto-exploring this place.
 F = Levels seen in this place.
 G = Mean time per level.
                   A        B        C        D        E       F      G
               +--------+--------+--------+--------+--------+-----+--------+
         Total |   4811 |   4626 |    185 |    190 |   3675 |   4 | 1202.8 |
       Dungeon |   4811 |   4626 |    185 |    190 |   3675 |   4 | 1202.8 |
               +--------+--------+--------+--------+--------+-----+--------+

Top non-repeatable levels by time:
     D:1: 1758 daAuts
     D:3: 1534 daAuts
     D:2: 1274 daAuts
     D:4: 243 daAuts

Table legend:
 A = Non-vault XP
 B = Vault XP
 C = Vault XP percentage of total XP
 D = Non-vault monster count
 E = Vault monster count
 F = Vault count percentage of total count
                 A         B        C        D         E       F
            +---------+---------+-------+---------+---------+-------
      Total |     383 |     379 |  49.7 |      87 |       9 |   9.4
            +---------+---------+-------+---------+---------+-------
        D:1 |      66 |       0 |   0.0 |      23 |       0 |   0.0
        D:2 |      72 |       6 |   7.7 |      27 |       4 |  12.9
        D:3 |      93 |     373 |  80.0 |      30 |       5 |  14.3
        D:4 |     152 |       0 |   0.0 |       7 |       0 |   0.0
            +---------+---------+-------+---------+---------+-------
